 Dungeon Crawl Stone Soup version 0.14-a0-2071-g7172c92 (webtiles) character file.

240 HollowCharge the Grasshopper (level 3, -13/29 HPs)
             Began as a Demigod Warper on Jan 23, 2014.
             Killed by divine providence
             ... invoked by an orc priest
              (14 damage)
             ... on Level 3 of the Dungeon.
             The game lasted 00:12:27 (2361 turns).

HollowCharge the Grasshopper (Demigod Warper)       Turns: 2361, Time: 00:12:30

HP -13/29        AC  7     Str 15      XL: 3   Next: 77%
MP   7/7         EV 12     Int 17      God:
Gold 170         SH  0     Dex 16      Spells:  2 memorised,  2 levels left

rFire  . . .     SeeInvis .     a - +0 falchion
rCold  . . .     Clarity  .     j - +2 leather armour
rNeg   . . .     Conserve .     (no shield)
rPois  .         rCorr    .     (no helmet)
rElec  .         rRot     .     n - +1 cloak
SustAb . .       Spirit   .     (no gloves)
rMut   .         Warding  .     (no boots)
Saprov . . .     Stasis   .     (no amulet)
MR     .....                    (no ring)
                                (no ring)

@: not resistant to hostile enchantments, unstealthy
A: no striking features
a: no special abilities


You were on level 3 of the Dungeon.
You were not hungry.

You visited 1 branch of the dungeon, and saw 3 of its levels.

You collected 170 gold pieces.

Inventory:

Hand weapons
 a - a +0,+0 falchion (weapon)
Missiles
 e - 15 darts (quivered)
 f - 10 darts of dispersal
Armour
 j - a +2 leather armour (worn)
 n - a +1 cloak (worn)
Comestibles
 g - 2 bread rations
 k - a meat ration
 s - a cheese
Scrolls
 d - a scroll of blinking
 h - a scroll of identify
 i - a scroll of magic mapping {unknown}
 o - a scroll of enchant armour {unknown}
 p - a scroll of noise {unknown}
 r - a scroll of enchant weapon I {unknown}
 t - a scroll of curse weapon {unknown}
 y - a scroll of amnesia {unknown}
Potions
 b - a potion of heal wounds
 l - a potion of might {unknown}
 m - a potion of resistance {unknown}
 q - a potion of restore abilities {unknown}
 v - a potion of speed {unknown}
 x - a potion of agility {unknown}
Books
 c - a book of Spatial Translocations

   Spells                             Type                      Level
   *Apportation                       Translocation                1
   Portal Projectile                  Translocation                2
   *Blink                             Translocation                2
   Shroud of Golubria                 Charms/Translocation         2
   Teleport Other                     Translocation                3
   Passage of Golubria                Translocation                4


   Skills:
 + Level 2.2 Fighting
 * Level 2.6 Long Blades
 - Level 0.8 Throwing
 + Level 1.6 Armour
 + Level 2.5 Dodging
 - Level 1.7 Spellcasting
 - Level 2.6 Translocations


You had 2 spell levels left.
You knew the following spells:

 Your Spells              Type           Power        Failure   Level  Hunger
a - Apportation           Tloc           ##........   10%         1    #......
b - Blink                 Tloc           N/A          12%         2    ###....


Dungeon Overview and Level Annotations

Branches:
Dungeon (3/16)

Annotations:
D:2 Terence


Message History

The orc priest hits you with an orcish club.
* * * LOW HITPOINT WARNING * * *
You closely miss the orc priest.
The orc priest is moderately wounded.
The orc priest hits you with an orcish club.
* * * LOW HITPOINT WARNING * * *
You feel much better.
The orc priest hits you with an orcish club.
You hit the orc priest.
The orc priest is severely wounded.
The orc priest mumbles some strange prayers to Beogh against you.
Something smites you!
You hit the orc priest but do no damage.
The orc priest is severely wounded.
The orc priest mumbles some strange prayers to Beogh against you.
Something smites you!
* * * LOW HITPOINT WARNING * * *
The orc priest mumbles some strange prayers to Beogh against you.
Something smites you!
You die...

# . ... # ......#
#......####
<..........#
............#
............#
...%........#
........o....#
###.......(@....#
##.........####.#.####
........ #.#.#
##....... #.#.#
......l.... ..#.#
#.........# ###.#
.........# #.#
.........# #.#
##..###..### #.#


You could see an orc priest.

Vanquished Creatures
  2 adders
  2 giant geckos
  4 orcs (D:3)
  A ball python (D:2)
  2 giant cockroaches (D:2)
  6 goblins
  2 hobgoblins
  4 jackals (D:3)
  6 bats
  4 giant newts
  6 kobolds
  8 rats
47 creatures vanquished.

Notes
Turn   | Place    | Note
--------------------------------------------------------------
     0 | D:1      | HollowCharge, the Demigod Warper, began the quest for the Orb.
     0 | D:1      | Reached XP level 1. HP: 17/17 MP: 3/3
   195 | D:1      | Reached skill level 1 in Armour
   911 | D:1      | Reached XP level 2. HP: 22/24 MP: 4/4
  1589 | D:2      | Learned a level 2 spell: Blink
  1616 | D:2      | Noticed Terence
  1678 | D:2      | Reached XP level 3. HP: 29/29 MP: 7/7
  2361 | D:3      | HP: 1/29 [orc priest/divine providence (11)]
  2361 | D:3      | Killed from afar by an orc priest

Action                   || total
-------------------------++-------
Melee: Falchion          ||   156
  Use: Scroll            ||     3
       Potion            ||     2
